 Dungeon Crawl Stone Soup version 0.27.1-1-g398f81649c (webtiles) character file.

Game seed: 1200064574725416781

4181 MisterFreud the Nimble (level 10, -1/79 HPs)
             Began as a Felid Berserker on Sept 21, 2021.
             Was an Elder of Trog.
             Slain by an orc warrior (8 damage)
             ... on level 11 of the Dungeon.
             The game lasted 00:19:09 (13729 turns).

MisterFreud the Nimble (Felid Berserker)           Turns: 13729, Time: 00:19:09

Health: -1/79      AC:  2    Str: 16    XL:     10   Next: 8%
Magic:  12/12      EV: 32    Int:  9    God:    Trog [****..]
Gold:   320        SH:  0    Dex: 24    Spells: 9/9 levels left
                                        Lives:  0   Deaths: 2

rFire    . . .     SeeInvis +     - Unarmed
rCold    + . .     Faith    .   (shield unavailable)
rNeg     + . .     Spirit   .   (armour unavailable)
rPois    .         Reflect  .   (helmet unavailable)
rElec    .         Harm     .   (cloak unavailable)
rCorr    .         Rampage  .   (gloves unavailable)
Will     +....                  (boots unavailable)
Stlth    ..........             a - amulet of the acrobat
HPRegen  0.23/turn              l - +6 ring of dexterity
MPRegen  0.13/turn              r - ring "Xaeheenu" {+Blink rC+ rN+ Str+2}

@: berserking, studying Fighting, very quick
A: very small, claws 1, fangs 3, see invisible, speed 1, shaggy fur 2, stealthy
paws, no weapons or thrown items, no armour, multi-lived
a: Renounce Religion, Evoke Blink, Berserk, Trog's Hand, Brothers in Arms


You were on level 11 of the Dungeon.
You worshipped Trog.
Trog was greatly pleased with you.
You visited 3 branches of the dungeon, and saw 13 of its levels.

You collected 813 gold pieces.
You spent 493 gold pieces at shops.

Inventory:

Jewellery
 a - an amulet of the acrobat (around neck)
 l - a +6 ring of dexterity (left paw)
 r - the ring "Xaeheenu" (right paw) {+Blink rC+ rN+ Str+2}
   (You acquired it on level 7 of the Dungeon)

   [ring of protection from cold]

   Str:       It affects your strength (+2).
   rC:        It protects you from cold.
   rN:        It protects you from negative energy.
   +Blink:    It lets you blink.
 y - a +6 ring of intelligence
 z - a ring of magical power
Wands
 d - a wand of iceblast (10)
 x - a wand of flame (10)
 B - a wand of mindburst (10)
Scrolls
 g - 6 scrolls of teleportation
 v - a scroll of fog
Potions
 b - 3 potions of heal wounds
 c - a potion of invisibility
 e - 6 potions of curing
 f - 2 potions of brilliance {unknown}
 i - 2 potions of flight {unknown}
 m - 2 potions of might
 n - 2 potions of haste
 o - a potion of lignification
 p - 2 potions of degeneration {unknown}
 q - a potion of magic {unknown}
 s - a potion of mutation {unknown}
 t - a potion of attraction {unknown}
 w - a potion of resistance {unknown}


   Skills:
 - Level 12.0 Fighting
 + Level 14.2 Dodging
 - Level 10.2 Stealth
 + Level 8.1 Unarmed Combat
 - Level 1.5 Invocations
 - Level 5.0 Evocations


You had 9 spell levels left.
You didn't know any spells.
Your spell library was empty.

Dungeon Overview and Level Annotations

Branches:
Dungeon (11/15)            Temple (1/1) D:6            Lair (0/6) D:8
    Orc (1/2) D:9

Altars:
Ashenzari
Kikubaaqudgha
Nemelex Xobeh
Okawaru
Qazlal
Ru
Sif Muna
Trog
Uskayaw
Vehumet
Wu Jian
Xom
Zin

Shops:
D:5 =!   D:9 !

Annotations:
D:6 exclusion: statue


Innate Abilities, Weirdness & Mutations

You have sharp claws.
You have razor-sharp teeth.
You have supernaturally acute eyesight. (SInv)
You cover ground quickly. (Speed+)
You are covered in thick fur. (AC +2)
Your paws help you pounce on unaware monsters.
You are incapable of wielding weapons or throwing items.
You cannot wear armour.
You gain extra lives every three experience levels.


Message History

You feel yourself speed up.
You start resting.
You recover from your berserk rage.
You start resting.
An orc wizard comes into view. It is wielding a +0 dagger.
An orc wizard is nearby!
An orc wizard comes into view. It is wielding a +0 dagger.
The acid dragon roars!
You hear a shout! x2
An orc and an orc wizard come into view.
An orc warrior comes into view.
It is wielding a +3 long sword of holy wrath.
The acid dragon spits acid at you. The splash of acid misses you.
The orc wizard shouts!
The orc wizard shouts!
The acid dragon completely misses you. The acid dragon misses you.
The orc completely misses you.
You see here a howler monkey corpse.
The orc wizard shouts!
You scratch the acid dragon.
The acid dragon is moderately wounded.
The acid dragon misses you. The acid dragon completely misses you.
You scratch the acid dragon but do no damage.
You bite the acid dragon, but do no damage.
The acid dragon is moderately wounded.
The acid dragon bites you! The acid dragon completely misses you.
A red film seems to cover your vision as you go berserk!
You feel yourself moving faster!
You feel mighty!
The acid dragon completely misses you. x2
The orc warrior hits you with a +3 long sword of holy wrath!
* * * LOW HITPOINT WARNING * * *
You closely miss the acid dragon.
The acid dragon is moderately wounded.
The orc wizard casts a spell.
The orc wizard flickers and vanishes for a moment.
The acid dragon completely misses you. The acid dragon claws you.
* * * LOW HITPOINT WARNING * * *
You completely miss the acid dragon.
The acid dragon is moderately wounded.
The orc warrior hits you with a +3 long sword of holy wrath!
You die...

... ...... ...# #......
#..####.......
#............
###...........
##.............
#^.............
###†...o#o.....
#....@oo..... #....D.o.....
##..#.........
#####........####.
##...#.......##
#.............#
...........#
#..........#...............
####.......#...............
#..........................


You could see an orc warrior, an acid dragon, 3 orc wizards and an orc.

Vanquished Creatures
  A boulder beetle (D:11)
  A two-headed ogre (D:10)
  Maurice (D:8)
  A cyclops (D:11)
  A kobold demonologist (D:8)
  2 shadows
  Eustachio (D:4)
  A wraith (D:11)
  2 wyverns
  9 yaks
  A steam dragon (D:9)
  4 vampire mosquitoes (D:11)
  An acid dragon (D:11)
  6 water moccasins
  3 sky beasts
  5 orc warriors
  An ice beast (D:6)
  An ogre (D:6)
  4 centaurs
  8 kobold brigands
  5 bullfrogs
  A gnoll sergeant (D:5)
  5 scorpions
  A water moccasin zombie (D:5)
  2 water moccasin skeletons
  6 killer bees (D:10)
  2 electric eels (D:9)
  A vampire bat (D:3)
  5 wights (D:8)
  6 howler monkeys
  5 centaur zombies
  A hound (D:5)
  A jelly (D:4)
  2 orc priests
  4 centaur skeletons
  2 iguanas (D:5)
  9 orc wizards
  3 killer bee zombies
  A hound skeleton (D:5)
  12 gnolls
  5 adders
  A shadow imp (D:7)
  3 white imps (D:6)
  2 dart slugs
  3 fire bats (D:3)
  24 orcs
  2 spectral bats (D:3)
  16 bats
  3 bat skeletons (D:3)
  A bat zombie (D:3)
  6 endoplasms
  3 giant cockroaches
  6 goblins
  4 hobgoblins
  3 jackals (D:2)
  3 quokkas
  8 ball pythons
  A bat simulacrum (D:3)
  2 frilled lizards
  21 kobolds
  11 rats
256 creatures vanquished.

Vanquished Creatures (collateral kills)
  A manticore (D:11)
1 creature vanquished.

Vanquished Creatures (others)
  An orc (D:9)
  49 fungi
  41 plants (D:8)
  4 toadstools (D:9)
95 creatures vanquished.

Grand Total: 352 creatures vanquished

Notes
Turn   | Place    | Note
-------+----------+-------------------------------------------
     0 | D:1      | MisterFreud the Felid Berserker began the quest for the
                  | Orb.
     0 | D:1      | Reached XP level 1. HP: 10/10 MP: 2/2
    21 | D:1      | Found a faded altar of an unknown god.
   251 | D:1      | Reached skill level 1 in Stealth
   342 | D:1      | Reached XP level 2. HP: 10/14 MP: 3/3
  1363 | D:1      | Reached XP level 3. HP: 17/17 MP: 4/4
  1698 | D:1      | Reached ** piety under Trog
  2533 | D:3      | Found a sparkling altar of Nemelex Xobeh.
  3138 | D:3      | Reached XP level 4. HP: 21/21 MP: 5/5
  3176 | D:3      | Reached *** piety under Trog
  3201 | D:3      | Reached skill level 5 in Stealth
  3201 | D:3      | Reached XP level 5. HP: 21/24 MP: 6/6
  3378 | D:4      | Reached skill level 5 in Unarmed Combat
  3760 | D:4      | Found an ancient bone altar of Kikubaaqudgha.
  3963 | D:4      | Gained mutation: You are covered in thick fur. (AC +2)
                  | [Felid growth]
  3963 | D:4      | Reached XP level 6. HP: 28/28 MP: 7/7
  4059 | D:4      | Found a broken altar of Ashenzari.
  4210 | D:4      | Noticed Eustachio
  4249 | D:4      | Killed Eustachio
  4250 | D:4      | Reached skill level 1 in Invocations
  4529 | D:5      | Entered Level 5 of the Dungeon
  4543 | D:5      | Reached skill level 5 in Dodging
  4543 | D:5      | Reached XP level 7. HP: 23/31 MP: 9/9
  4991 | D:5      | Found Ygrad's Distillery.
  5000 | D:5      | Bought a potion of might for 44 gold pieces
  5000 | D:5      | Bought a potion of haste for 110 gold pieces
  5000 | D:5      | Bought a potion of curing for 33 gold pieces
  5012 | D:5      | Reached skill level 6 in Dodging
  5296 | D:5      | Reached skill level 7 in Dodging
  5322 | D:5      | Found Deywk's Jewellery Boutique.
  5702 | D:5      | Reached skill level 8 in Dodging
  6100 | D:5      | Identified a scroll of acquirement
  6100 | D:5      | Acquired a manual of Fighting
  6124 | D:6      | Found a glowing silver altar of Zin.
  6127 | D:6      | Reached XP level 8. HP: 34/34 MP: 10/10
  6134 | D:6      | Found an ornate altar of the Wu Jian Council.
  6184 | D:6      | Reached skill level 9 in Dodging
  7004 | D:6      | Found a staircase to the Ecumenical Temple.
  7058 | D:6      | Reached skill level 5 in Fighting
  7058 | D:6      | Reached skill level 10 in Dodging
  7147 | D:6      | Found a radiant altar of Vehumet.
  7448 | D:6      | Found a stormy altar of Qazlal.
  7449 | D:6      | Found a hide-covered altar of Uskayaw.
  7724 | Temple   | Entered the Ecumenical Temple
  7831 | D:7      | Acquired the ring "Xaeheenu" {+Blink rC+ rN+ Str+2}
  7920 | D:7      | Found a shimmering blue altar of Sif Muna.
  8386 | D:7      | Reached XP level 9. HP: 32/42 MP: 11/11
  8492 | D:7      | Reached **** piety under Trog
  8783 | D:8      | Reached skill level 11 in Dodging
  9156 | D:8      | Found a staircase to the Lair.
  9594 | D:8      | Noticed a kobold demonologist
  9606 | D:8      | Noticed a rust devil
  9613 | D:8      | Killed a kobold demonologist
  9614 | D:8      | Reached skill level 12 in Dodging
  9618 | D:8      | Reached skill level 10 in Stealth
  9629 | D:8      | Reached XP level 10. HP: 43/51 MP: 12/12
  9787 | D:8      | Noticed Maurice
  9802 | D:8      | Killed Maurice
  9803 | D:8      | Reached skill level 10 in Fighting
 10118 | D:8      | Reached skill level 1 in Evocations
 10711 | D:8      | Reached skill level 13 in Dodging
 11003 | D:9      | Reached ***** piety under Trog
 11049 | D:9      | Killed from afar by a steam dragon
 11050 | D:9      | Reached XP level 9. HP: 0/70 MP: 11/11
 11208 | D:9      | Found Wucimn's Distillery.
 11216 | D:9      | Bought a potion of heal wounds for 85 gold pieces
 11216 | D:9      | Bought a potion of invisibility for 136 gold pieces
 11216 | D:9      | Bought a potion of heal wounds for 85 gold pieces
 11278 | D:9      | HP: 3/70 [something (6)]
 11896 | D:9      | Found a staircase to the Orcish Mines.
 11909 | Orc:1    | Entered Level 1 of the Orcish Mines
 11909 | Orc:1    | Noticed an orc knight
 12050 | D:10     | Entered Level 10 of the Dungeon
 12602 | D:10     | Noticed a two-headed ogre
 12610 | D:10     | Killed a two-headed ogre
 12611 | D:10     | Reached XP level 10. HP: 52/52 MP: 12/12
 13000 | D:11     | Noticed a boulder beetle
 13136 | D:11     | Killed a boulder beetle
 13137 | D:11     | Reached skill level 5 in Evocations
 13426 | D:11     | Noticed a cyclops
 13437 | D:11     | Killed a cyclops
 13438 | D:11     | Reached skill level 14 in Dodging
 13531 | D:11     | Noticed a manticore
 13549 | D:11     | Slain by a vampire mosquito
 13550 | D:11     | Reached XP level 9. HP: 0/49 MP: 11/11
 13612 | D:11     | Reached XP level 10. HP: 17/53 MP: 12/12
 13613 | D:11     | Killed a manticore
 13729 | D:11     | Slain by an orc warrior

Illustrated notes

Levels and vault maps discovered:
D:1:      dpeg_arrival_tiny_g, layout_loops_corners,
          ebering_ecumenical_altar_hall
D:2:      layout_loops_ring, amcnicky_mini_corridor_feature
D:3:      layout_loops_ring, lemuel_crystal_altar, goddamned_bats
D:4:      layout_basic, nicolae_overflow_crystal_walls,
          mainiacjoe_overflow_paths, uniq_eustachio
D:5:      layout_basic, serial_shops, shop_fountains, shop, lightli_minifort
D:6:      layout_basic, nzn_wu_jian_contemplation, vehumet_statue,
          mainiacjoe_overflow_catwalk, mainiacjoe_overflow_large_starburst,
          minmay_temple_entry_arrows
D:7:      layout_gridville, lemuel_blue_sif_altar
D:8:      layout_gridville, due_lair_maze_entry_diamond, special_room
          [special_room_kobold], uniq_maurice
D:9:      layout_cave_pools, erik_orc_2, serial_shops, shop,
          minmay_gold_behind_fungi
D:10:     layout_basic
D:11:     layout_cave_pools
Temple:   nicolae_temple_figure_eight
Orc:1:    layout_diamond_mine, basic_altar, lightli_orcish_oven

Skill      XL: |  1  2  3  4  5  6  7  8  9 10 |
---------------+-------------------------------+-----
Stealth        | 1 2 3 5 6 7 10 | 10.2
Unarmed Combat | 4 5 6 8 |  8.1
Invocations    | 1 |  1.5
Dodging        | 5 8 10 12 14 | 14.2
Fighting       | 6 12 10 | 12.0
Evocations     | 4 5 |  5.0

Action                   |  1- 3 |  4- 6 |  7- 9 | 10-12 || total
-------------------------+-------+-------+-------+-------++-------
Melee: Unarmed           |   145 |   107 |   425 |   228 ||   905
       Bite              |     9 |    11 |    58 |    41 ||   119
       Punch             |     3 |     2 |    14 |    11 ||    30
Invok: Berserk           |     1 |     4 |    17 |    11 ||    33
       Trog's Hand       |       |     3 |     8 |     2 ||    13
       Brothers in Arms  |       |       |     1 |     1 ||     2
Evoke: Wand              |       |       |       |     1 ||     1
  Use: Scroll            |       |       |     4 |     6 ||    10
 Stab: Sleeping          |    11 |    10 |    19 |     7 ||    47
       Distracted        |       |     1 |     3 |     3 ||     7
Armor: Skin              |    15 |    15 |     9 |     5 ||    44
Dodge: Dodged            |   135 |   148 |   456 |   275 ||  1014
